 Dungeon Crawl Stone Soup version 0.23.2 (webtiles) character file.

Game seed: 13116655693615541815

9597 Gargoyl the Cleaver (level 11, -1/92 HPs)
             Began as a Centaur Abyssal Knight on Apr 4, 2019.
             Was a High Priest of Lugonu.
             Succumbed to a killer bee's poison
             ... on level 10 of the Dungeon.
             The game lasted 00:19:01 (13611 turns).

Gargoyl the Cleaver (Centaur Abyssal Knight)       Turns: 13611, Time: 00:19:01

Health: -1/92      AC: 21    Str: 16    XL:     11   Next: 25%
Magic:  16/17      EV:  9    Int: 11    God:    Lugonu [*****.]
Gold:   514        SH: 12    Dex: 16    Spells: 10/10 levels left

rFire    + + .     SeeInvis .   b - +1 hand axe (elec)
rCold    + . .     Gourm    .   H - +0 large shield {rC+ rF+}
rNeg     . . .     Faith    .   x - +1 plate armour
rPois    +         Spirit   .   o - +2 helmet
rElec    .         Reflect  .   m - +0 cloak
rCorr    .         Harm     .   l - +2 pair of gloves
MR       .....     Clarity  +   (no barding)
Stlth    ..........             i - amulet of rage
HPRegen  0.25/turn              d - ring of poison resistance
MPRegen  0.15/turn              y - ring of protection from fire

@: agile, lethally poisoned (-1 -> -17), very quick
A: large, hooves 3, repulsion field 1, rugged brown scales 1, clarity, deformed
body, speed 2, tough skin 3, evolution 1, sturdy frame 1
a: Depart the Abyss, Bend Space, Banish, Corrupt, Enter the Abyss, Renounce
Religion, Evoke Berserk Rage


You were on level 10 of the Dungeon.
You worshipped Lugonu.
Lugonu was extremely pleased with you.
You were hungry.

You visited 1 branch of the dungeon, and saw 10 of its levels.
You visited the Abyss 1 time.

You collected 514 gold pieces.

Inventory:

Hand Weapons
 a - a +1 hand axe
 b - a +1 hand axe of electrocution (weapon)
Missiles
 p - 15 tomahawks (quivered)
Armour
 l - a +2 pair of gloves (worn)
 m - a +0 cloak (worn)
 o - a +2 helmet (worn)
 x - a +1 plate armour (worn)
 H - a +0 large shield of resistance (worn)
Jewellery
 d - a ring of poison resistance (left hand)
 g - an uncursed ring of magical power
 i - an amulet of rage (around neck)
 n - an uncursed ring of flight
 w - an uncursed amulet of magic regeneration {unknown}
 y - a ring of protection from fire (right hand)
Wands
 q - a wand of paralysis (4)
 v - a wand of enslavement (7)
 B - a wand of flame (29)
Scrolls
 e - 3 scrolls of identify
 j - 4 scrolls of amnesia
 z - a scroll of fear
 A - 4 scrolls of remove curse
 F - a scroll of enchant armour
 G - a scroll of blinking
Potions
 f - 2 potions of might {unknown}
 h - 4 potions of magic
 r - a potion of mutation
 s - a potion of agility
 t - a potion of berserk rage {unknown}
 u - a potion of experience {unknown}
 D - a potion of flight {unknown}
Comestibles
 c - 19 rations


   Skills:
 + Level 6.3 Fighting
 + Level 8.3 Axes
 + Level 0.4 Throwing
 * Level 8.0 Armour
 * Level 5.0 Dodging
 + Level 1.5 Shields
 * Level 8.1 Invocations


You had 10 spell levels left.
You didn't know any spells.
Your spell library contained the following spells:

 Spells                   Type           Power        Failure   Level  Hunger
 Beastly Appendage        Tmut           #.....       100%        1    ##.....
 Magic Dart               Conj           #...         100%        1    ##.....
 Searing Ray              Conj           #.....       100%        2    ###....
 Sticks to Snakes         Tmut           #.......     100%        2    ###....
 Dazzling Spray           Conj/Hex       #.....       100%        3    ####...
 Spider Form              Tmut/Pois      #.........   100%        3    ####...
 Force Lance              Conj/Tloc      #.......     100%        4    #####..
 Fulminant Prism          Conj/Hex       #.........   100%        4    #####..
 Ice Form                 Ice/Tmut       #.......     100%        4    #####..
 Iskenderun's Mystic Bla  Conj           #.......     100%        4    #####..
 Blade Hands              Tmut           #.........   100%        5    ######.


Dungeon Overview and Level Annotations

Branches:
Dungeon (10/15)            Temple (0/1) D:7             Orc (0/2) D:9
   Lair: D:8-11

Altars:
Ashenzari
Dithmenos
Fedhas
Hepliaklqana
Kikubaaqudgha
Makhleb
Nemelex Xobeh
Sif Muna
Trog
Uskayaw
Wu Jian
Yredelemnul
Zin

Portals:
Trove: D:10 (show slimy rune of Zot)

Annotations:
D:10 1 transporter, Marnok's ghost, novice MiFi


Innate Abilities, Weirdness & Mutations

You have hooves in place of feet.
Armour fits poorly on your strangely shaped body.
You cover ground very quickly.
You have extremely tough skin. (AC +3)
You are surrounded by a mild repulsion field. (EV +2)
You are partially covered in rugged brown scales. (AC +1, +3% HP)
You possess an exceptional clarity of mind.
You evolve.
Your movements are slightly less encumbered by armour. (ER -2)


Message History

The killer bee barely misses you.
You closely miss the killer bee.
The killer bee is almost dead.
You miss the killer bee.
Your shield prevents you from hitting Marnok's ghost.
* * * LOW HITPOINT WARNING * * *
You feel sick. You block the killer bee's attack.
The killer bee stings you but does no damage.
Marnok's ghost hits you.
* * * LOW HITPOINT WARNING * * *
The killer bee stings you but does no damage.
You block the killer bee's attack.
Unknown command.
Okay, then.
Space bends around you!
You blink.
* * * LOW HITPOINT WARNING * * *
You feel sick.
It was a potion of agility.
You feel agile all of a sudden.
You die...

#..######.##...#...##......#..#
........#.####.#.#.##........##
...####.#.##...#..%##..####...#
#.## #.#.#.#W#.#(#=#..# ###.#
#.#####...#y†#y..#.?#..# #.#
#.#...#..©#©.#.#.#.©#©.# #.###
......#...#..#.y.#.[#.## #....
#.........#.#)#.#.#$#.# #####
####.#....##...#@..##.# #
........#.##.#.#.#.##.# #
.#.###..#.##...#...##.# #
.#.#....#.###.###.###.# #
.#.#.##.#..#########..### #
.#.#.##.....###.###.....# #
.#.#.######.............# #
##.#.#
########.#.......#########
##.#.#
#.........................


You could see 2 killer bees and Marnok's ghost.

Vanquished Creatures
  Pikel (D:6)
  The ghost of Thargor the Thaumaturge, a novice DEWz of Vehumet (D:7)
  3 trolls
  A queen bee (D:10)
  3 hippogriffs
  A wyvern (D:7)
  12 yaks
  A hungry ghost (D:7)
  A water moccasin (D:10)
  A sky beast (D:10)
  An ice beast (D:10)
  10 orc warriors
  3 phantoms
  3 necrophages
  3 centaurs
  3 ogres
  5 bullfrogs
  5 scorpions (D:4)
  7 killer bees (D:10)
  5 wights (D:7)
  2 centaur zombies
  4 crimson imps
  A jelly (D:5)
  4 hounds
  15 orc priests
  A centaur skeleton (D:10)
  An iguana (D:8)
  9 orc wizards
  4 worker ants
  A worker ant zombie (D:8)
  3 gnolls (D:3)
  15 adders
  A howler monkey skeleton (D:6)
  5 shadow imps
  An ooze (D:1)
  An adder zombie (D:5)
  An adder skeleton (D:6)
  3 worms (D:5)
  3 dart slugs
  4 leopard geckos
  42 orcs
  6 giant cockroaches
  11 goblins
  12 hobgoblins
  8 jackals
  10 kobolds
  6 quokkas
  2 ball pythons
  7 bats
  7 frilled lizards
  11 rats
  A plant (D:9)
272 creatures vanquished.

Vanquished Creatures (others)
  The ghost of Tutankhamun the Basher, a novice GrFi of Okawaru (D:5)
  An electric eel (D:9)
  An orc priest (D:10)
  19 fungi (D:4)
  2 plants (D:9)
24 creatures vanquished.

Grand Total: 296 creatures vanquished

Notes
Turn   | Place    | Note
-------+----------+-------------------------------------------
     0 | Abyss:1  | Gargoyl the Centaur Abyssal Knight began the quest for the
                  | Orb.
     0 | Abyss:1  | Reached XP level 1. HP: 19/19 MP: 2/2
   108 | Abyss:1  | Noticed an Executioner
   118 | D:1      | Escaped the Abyss
   155 | D:1      | Reached XP level 2. HP: 22/26 MP: 3/3
   576 | D:1      | Reached * piety under Lugonu
   590 | D:1      | Reached XP level 3. HP: 10/31 MP: 4/4
   862 | D:1      | Reached skill level 1 in Dodging
  1173 | D:2      | Gained mutation: Scrolls take you a little longer to read.
                  | [potion of mutation]
  1173 | D:2      | Gained mutation: You are partially covered in rugged brown
                  | scales. (AC +1, +3% HP) [potion of mutation]
  1174 | D:2      | Lost mutation: Scrolls take you a little longer to read.
                  | [potion of mutation]
  1174 | D:2      | Gained mutation: Your movements are slightly less
                  | encumbered by armour. (ER -2) [potion of mutation]
  1174 | D:2      | Gained mutation: You are surrounded by a mild repulsion
                  | field. (EV +2) [potion of mutation]
  1174 | D:2      | Gained mutation: You evolve. [potion of mutation]
  1292 | D:2      | Found an ornate altar of the Wu Jian Council.
  1371 | D:2      | Found a faded altar of an unknown god.
  1431 | D:2      | Noticed a necrophage
  1454 | D:2      | Killed a necrophage
  1454 | D:2      | Reached ** piety under Lugonu
  1454 | D:2      | Reached XP level 4. HP: 32/39 MP: 4/6
  1454 | D:2      | Reached XP level 5. HP: 37/46 MP: 4/7
  1536 | D:2      | Found a blossoming altar of Fedhas.
  2050 | D:2      | Found a deep blue altar of Sif Muna.
  2106 | D:3      | Found a hide-covered altar of Uskayaw.
  2466 | D:3      | Gained mutation: You possess an exceptional clarity of
                  | mind. [evolution]
  3401 | D:3      | Reached XP level 6. HP: 29/53 MP: 8/8
  3544 | D:4      | Reached *** piety under Lugonu
  4045 | D:4      | Reached XP level 7. HP: 50/60 MP: 9/9
  4183 | D:5      | Entered Level 5 of the Dungeon
  4881 | D:5      | Reached **** piety under Lugonu
  5001 | D:5      | Found a bloodstained altar of Trog.
  5107 | D:5      | Found a shattered altar of Ashenzari.
  5107 | D:5      | Found a shadowy altar of Dithmenos.
  5651 | D:6      | Noticed Tutankhamun's ghost (novice GrFi)
  5655 | D:6      | Found a runed translucent gate.
  5655 | D:6      | Found a runed translucent gate.
  5655 | D:6      | Found a runed translucent gate.
  5725 | D:6      | Reached skill level 5 in Axes
  5725 | D:6      | Reached XP level 8. HP: 67/69 MP: 11/11
  6088 | D:6      | Reached skill level 5 in Invocations
  6116 | D:6      | Reached skill level 5 in Fighting
  6325 | D:6      | Noticed Pikel
  6661 | D:6      | Killed Pikel
  6661 | D:6      | Reached XP level 9. HP: 69/76 MP: 13/13
  7347 | D:5      | Banished Tutankhamun's ghost
  7347 | D:5      | Reached skill level 5 in Armour
  7656 | D:7      | Found a runed translucent door.
  7656 | D:7      | Noticed Thargor's ghost (novice DEWz)
  7678 | D:7      | Killed Thargor's ghost
  8000 | D:7      | Found a staircase to the Ecumenical Temple.
  8270 | D:7      | Found a hazy altar of Hepliaklqana.
  8338 | D:7      | Found a glowing silver altar of Zin.
  8338 | D:7      | Found a burning altar of Makhleb.
  8339 | D:7      | Noticed a blizzard demon
  8339 | D:7      | Noticed an angel
  8786 | D:8      | Reached XP level 10. HP: 63/83 MP: 15/15
  9055 | D:8      | Found a basalt altar of Yredelemnul.
  9057 | D:8      | Found a sparkling altar of Nemelex Xobeh.
 10248 | D:9      | Found an ancient bone altar of Kikubaaqudgha.
 10249 | D:9      | Found a blossoming altar of Fedhas.
 11329 | D:9      | Found a staircase to the Orcish Mines.
 11370 | D:9      | Reached ***** piety under Lugonu
 11668 | D:10     | Entered Level 10 of the Dungeon
 12040 | D:10     | Noticed Marnok's ghost (novice MiFi)
 12069 | D:10     | HP: 2/85 [centaur warrior zombie (5)]
 12721 | D:10     | Reached XP level 11. HP: 67/91 MP: 16/16
 12737 | D:10     | Reached skill level 1 in Shields
 12810 | D:10     | Reached skill level 5 in Dodging
 13158 | D:10     | Found a transporter.
 13368 | D:10     | Found a portal to a secret trove of treasure.
 13479 | D:10     | Found a transporter.
 13610 | D:10     | HP: 1/92 [poisoned by a killer bee]
 13611 | D:10     | Succumbed to a killer bee's poison

Skill      XL: |  1  2  3  4  5  6  7  8  9 10 11 |
---------------+----------------------------------+-----
Axes           | 2 3 4 5 6 7 8 |  8.3
Dodging        | 1 2 3 4 5 |  5.0
Armour         | 2 3 4 6 7 8 |  8.0
Invocations    | 3 4 5 6 7 8 |  8.1
Fighting       | 4 5 6 |  6.3
Shields        | 1 |  1.5
Throwing       | |  0.4

Action                   |  1- 3 |  4- 6 |  7- 9 | 10-12 || total
-------------------------+-------+-------+-------+-------++-------
Melee: Hand axe          |    93 |   218 |   370 |   477 ||  1158
       Kick              |    18 |    32 |    95 |   119 ||   264
Throw: Tomahawk          |       |       |     3 |       ||     3
Invok: Depart the Abyss  |     1 |       |       |       ||     1
       Banish            |       |       |     2 |     2 ||     4
       Bend Space        |       |       |       |     2 ||     2
  Use: Scroll            |     5 |     5 |     9 |     3 ||    22
       Potion            |     2 |       |     7 |     2 ||    11
 Stab: Invisible         |       |       |     3 |       ||     3
  Eat: Ration            |     1 |     1 |     3 |     1 ||     6
       Chunk             |       |     1 |     8 |    12 ||    21
Armor: Leather armour    |    45 |     3 |       |       ||    48
       Scale mail        |       |    41 |       |       ||    41
       Chain mail        |       |    82 |   134 |       ||   216
       Plate armour      |       |       |    74 |   306 ||   380
       Skin              |       |       |     8 |       ||     8
Dodge: Dodged            |    58 |   121 |   114 |    96 ||   389
Block: Large shield      |       |       |       |   136 ||   136
